Thunderbirds vs Punishers

Created - January 7, 2024 at 19:33

Goals
1 2 3 T
Thunderbirds 1 3 3 7
Punishers 1 1 0 2
Shots
1 2 3 T
Thunderbirds 7 11 16 34
Punishers 9 19 2 30

1st period

1. Thunderbirds , Drake Batherson 28 (Dominik Kahun 29, Timothy Liljegren 9) at 6:22
2. Punishers , Ben Betker 2 (Fredrik Claesson 10, Austen Brassard 8) at 10:19

Penalties :
Andrei Svechnikov (Spr) for Roughing (Minor) at 0:53, John Quenneville (Pro) for Tripping (Minor) at 14:49

2nd period

3. Punishers , Oskar Lindblom 10 (Artem Zub 19, John Quenneville 29) at 3:10
4. Thunderbirds , Patrick Brown 7 (Dylan Gambrell 19) at 5:22
5. Thunderbirds , Anthony Beauvillier 18 (Drake Batherson 31, Dominik Kahun 30) at 7:31
6. Thunderbirds , Drake Batherson 29 (Dominik Kahun 31, Timothy Liljegren 10) at 7:47

Penalties :
Patrick Brown (Spr) for Cross-checking (Minor) at 16:46

3rd period

7. Thunderbirds , Andrei Svechnikov 16 (Timothy Liljegren 11, Dylan Gambrell 20) at 8:26
8. Thunderbirds , Anthony Beauvillier 19 (Dominik Kahun 32, Drake Batherson 32) at 8:42
9. Thunderbirds , Matt Puempel 9 (Tyson Jost 14, Tanner Laczynski 9) at 17:00

Penalties :
John Quenneville (Pro) for Goalie Interference (Minor) at 2:52, Oskar Lindblom (Pro) for Hooking (Minor) at 11:08

Goalie Stats

Brandon Halverson (Spr), 28 saves from 30 shots - (0.933), W, 18-6-1, 60:00 minutes
Antoine Bibeau (Pro), 17 saves from 20 shots - (0.850), 32:13 minutes
Cal Petersen (Pro), 10 saves from 14 shots - (0.714), L, 3-11-0, 27:47 minutes

Players Stats for Thunderbirds

Player Name              G  A  P  +/- PIM S  H  SB GA TA FO     MP     PP MP  PK MP  
------------------------------------------------------------------------------------
Andrei Svechnikov        1  0  1   2  2   6  0  0  0  0  0/0    15:27   2:53   0:00 
Anthony Beauvillier      2  0  2   3  0   3  3  0  3  0  1/2    22:13   2:41   1:59 
Dominik Kahun            0  4  4   3  0   3  2  1  0  0  14/20  21:59   3:02   1:24 
Drake Batherson          2  2  4   3  0   5  1  1  1  0  1/3    20:35   3:02   0:00 
Dylan Gambrell           0  2  2   2  0   1  2  0  0  1  10/20  15:00   2:44   0:00 
Jake Walman              0  0  0   1  0   1  1  0  0  2  0/0    16:01   0:43   2:23 
John Draeger             0  0  0   0  0   0  1  1  1  0  0/0    19:35   0:00   1:35 
Kale Clague              0  0  0   0  0   0  1  0  0  0  0/0    20:39   2:10   1:35 
Kirill Marchenko         0  0  0  -1  0   1  0  0  0  0  0/0     8:13   0:00   0:00 
Matt Puempel             1  0  1   1  0   3  3  0  0  0  0/0    12:55   0:23   0:29 
Morgan Frost             0  0  0  -1  0   2  0  0  0  0  2/2     8:36   0:11   0:00 
Patrick Brown            1  0  1   2  2   1  2  0  1  1  1/1    15:16   2:44   0:00 
Radim Simek              0  0  0   4  0   0  2  1  1  2  0/0    25:16   3:04   2:21 
Roberts Lipsbergs        0  0  0  -1  0   3  2  0  0  0  0/0     8:57   0:00   0:44 
Tanner Laczynski         0  1  1   1  0   3  2  0  0  0  0/0    13:20   0:11   1:24 
Timothy Liljegren        0  3  3   4  0   0  1  1  2  0  0/0    23:37   2:53   0:02 
Tyson Jost               0  1  1   1  0   1  1  2  0  1  3/7    13:29   0:00   1:56 
Viktor Baldayev          0  0  0   1  0   1  2  1  0  1  0/0    14:52   3:04   0:00 

Players Stats for Punishers

Player Name              G  A  P  +/- PIM S  H  SB GA TA FO     MP     PP MP  PK MP  
------------------------------------------------------------------------------------
Anton Blidh              0  0  0  -3  0   4  0  0  0  1  1/1    17:24   1:57   1:57 
Artem Zub                0  1  1  -3  0   2  0  2  0  1  0/0    24:32   2:21   3:15 
Austen Brassard          0  1  1  -3  0   1  0  0  1  0  0/0    15:26   1:57   0:00 
Ben Betker               1  0  1  -1  0   1  0  0  1  0  0/0    17:28   1:37   2:42 
Ben Meyers               0  0  0   0  0   0  0  0  0  0  0/0     0:42   0:05   0:23 
Carson Meyer             0  0  0   0  0   0  0  0  0  0  0/0     9:47   0:00   0:00 
Connor Clifton           0  0  0  -1  0   0  0  1  0  0  0/0    11:30   0:00   0:00 
Corey Tropp              0  0  0  -2  0   4  3  1  1  1  3/9    20:45   1:56   3:06 
Daniel Audette           0  0  0   0  0   1  2  0  0  0  1/4    12:14   0:00   1:48 
Fredrik Claesson         0  1  1  -1  0   1  0  2  0  1  0/0    17:28   1:37   2:42 
Jack Ahcan               0  0  0   0  0   0  0  1  0  0  0/0     6:30   0:00   0:00 
Jesse Ylonen             0  0  0   0  0   0  0  0  0  0  0/0     0:45   0:05   0:00 
John Hayden              0  0  0   0  0   2  1  0  0  0  0/2     9:47   0:00   0:00 
John Quenneville         0  1  1  -2  4   3  1  0  2  0  12/29  19:08   1:56   1:04 
Kevin Roy                0  0  0  -3  0   5  1  0  0  0  6/10   16:09   1:57   0:43 
Kole Lind                0  0  0   0  0   1  1  0  0  0  0/0    10:44   0:05   0:00 
Marcus Karlberg          0  0  0   0  0   0  0  0  0  0  0/0     2:39   0:00   2:17 
Nicolas Beaudin          0  0  0   0  0   0  0  0  0  0  0/0     6:30   0:00   0:00 
Niko Mikkola             0  0  0  -1  0   0  0  0  0  0  0/0    11:30   0:00   0:00 
Noah Juulsen             0  0  0  -3  0   1  2  1  1  4  0/0    24:32   2:21   3:15 
Oskar Lindblom           1  0  1  -2  2   2  1  0  1  0  0/0    18:18   1:56   0:36 
Phillip Danault          0  0  0   0  0   1  0  1  1  0  0/0    10:25   0:00   0:00 
Tanner Jeannot           0  0  0   0  0   1  1  0  0  1  0/0     9:47   0:00   0:00 

3 Stars

1 - Drake Batherson (Spr)
2 - Anthony Beauvillier (Spr)
3 - Dominik Kahun (Spr)

Power Play

Thunderbirds - 0 on 3 Attempt(s) - 0.00%
Punishers - 0 on 2 Attempt(s) - 0.00%

Penalty Kill

Thunderbirds - 2 on 2 Attempt(s) - 100.00% - Score 0 goal in Penalty Kill
Punishers - 3 on 3 Attempt(s) - 100.00% - Score 0 goal in Penalty Kill

Team Stat

Thunderbirds - Hits : 26 - Faceoff Wins : 32 - Blocked Shots : 8 - Penalty Minutes : 4
Punishers - Hits : 13 - Faceoff Wins : 23 - Blocked Shots : 9 - Penalty Minutes : 6

Official

Referees : Francois St. Laurent and Dan Kelly
Linesman : Ryan Galloway and Derek Nansen

Game Notes

Antoine Bibeau enters game at 7:47 of 2nd period

Finance

Level 1 -- Attendance: 1719 (85.95%) -- Ticket Income $120,330
Level 2 -- Attendance: 938 (93.80%) -- Ticket Income $37,520
Total Attendance: 2657 (88.57%)
Total Ticket Income: $157,850
Other Income: $7,892
Total Income: $165,742

Thunderbirds

5 vs 5 Forward 
   Center                   Left Wing                Right Wing               Time % Phy DF OF 
 1 Dominik Kahun            Anthony Beauvillier      Drake Batherson          40     0   2  3  
 2 Dylan Gambrell           Andrei Svechnikov        Patrick Brown            30     0   2  3  
 3 Tyson Jost               Matt Puempel             Tanner Laczynski         20     0   2  3  
 4 Morgan Frost             Roberts Lipsbergs        Kirill Marchenko         10     0   2  3  

5 vs 5 Defense 
   Defense                  Defense                                           Time % Phy DF OF 
 1 Radim Simek              Timothy Liljegren                                 40     0   2  3  
 2 John Draeger             Kale Clague                                       30     0   2  3  
 3 Jake Walman              Viktor Baldayev                                   20     0   2  3  
 4 Radim Simek              Timothy Liljegren                                 10     0   2  3  

PowerPlay Forward 
   Center                   Left Wing                Right Wing               Time % Phy DF OF 
 1 Dominik Kahun            Andrei Svechnikov        Drake Batherson          60     0   1  4  
 2 Dylan Gambrell           Anthony Beauvillier      Patrick Brown            40     0   1  4  

PowerPlay Defense
   Defense                  Defense                                           Time % Phy DF OF 
 1 Kale Clague              Timothy Liljegren                                 60     0   2  3  
 2 Radim Simek              Viktor Baldayev                                   40     0   2  3  

Penalty Kill 4 Players Forward 
   Center                   Wing                     Time % Phy DF OF 
 1 Tyson Jost               Anthony Beauvillier      60     1   3  1  
 2 Dominik Kahun            Tanner Laczynski         40     1   3  1  

Penalty Kill 4 Players Defense
   Defense                  Defense                  Time % Phy DF OF 
 1 Radim Simek              Jake Walman              60     1   3  1  
 2 John Draeger             Kale Clague              40     1   3  1  

Penalty Kill - 3 Players Forward 
   Forward                                           Time % Phy DF OF 
 1 Tyson Jost                                        60     1   3  1  
 2 Anthony Beauvillier                               40     1   3  1  

Penalty Kill - 3 Players Defense
   Defense                  Defense                  Time % Phy DF OF 
 1 Radim Simek              Jake Walman              60     1   4  0  
 2 John Draeger             Kale Clague              40     1   4  0  

4 vs 4 Forward 
   Center                   Wing                     Time % Phy DF OF 
 1 Dominik Kahun            Drake Batherson          60     0   2  3  
 2 Dylan Gambrell           Andrei Svechnikov        40     0   2  3  

4 vs 4 Defense
   Defense                  Defense                  Time % Phy DF OF 
 1 Radim Simek              Timothy Liljegren        60     0   2  3  
 2 John Draeger             Kale Clague              40     0   2  3  

Last Minutes Offensive
   Center                   Left Wing                Right Wing               Defense                  Defense                  
   Dominik Kahun            Andrei Svechnikov        Drake Batherson          Kale Clague              Timothy Liljegren        

Last Minutes Defensive
   Center                   Left Wing                Right Wing               Defense                  Defense                  
   Tyson Jost               Roberts Lipsbergs        Anthony Beauvillier      Radim Simek              John Draeger             

Goaltenders
Starting : Brandon Halverson        
Backup : Joseph Woll              

Extra Forwards
Normal : Anthony Beauvillier, Andrei Svechnikov, Drake Batherson - PP : Anthony Beauvillier, Drake Batherson - PK : Roberts Lipsbergs
Extra Defensemen
Normal : Kale Clague, Timothy Liljegren, Radim Simek - PP : Jake Walman - PK : John Draeger, Radim Simek
Penalty Shots
Andrei Svechnikov, Anthony Beauvillier, Tanner Laczynski, Patrick Brown, Drake Batherson
Custom OT Lines Forwards
Anthony Beauvillier, Drake Batherson, Tanner Laczynski, Andrei Svechnikov, Dominik Kahun, Dylan Gambrell, Tyson Jost, Morgan Frost, Patrick Brown, Matt Puempel
Custom OT Lines Defensemen
Radim Simek, John Draeger, Kale Clague, Jake Walman, Timothy Liljegren

Scratches
Austin Poganski (Healthy), Mitchell Heard (Healthy), Nicklas Jensen (Healthy), Jared McIsaac (Strained Groin Injury), Artur Kayumov (Healthy)
Ivan Prosvetov (Healthy), Jakub Skarek (Healthy)

Punishers

5 vs 5 Forward 
   Center                   Left Wing                Right Wing               Time % Phy DF OF 
 1 John Quenneville         Oskar Lindblom           Corey Tropp              40     1   2  2  
 2 Kevin Roy                Anton Blidh              Austen Brassard          30     1   2  2  
 3 Daniel Audette           Phillip Danault          Kole Lind                20     1   2  2  
 4 John Hayden              Tanner Jeannot           Carson Meyer             10     1   2  2  

5 vs 5 Defense 
   Defense                  Defense                                           Time % Phy DF OF 
 1 Noah Juulsen             Artem Zub                                         40     1   2  2  
 2 Ben Betker               Fredrik Claesson                                  30     1   2  2  
 3 Niko Mikkola             Connor Clifton                                    20     1   2  2  
 4 Nicolas Beaudin          Jack Ahcan                                        10     1   2  2  

PowerPlay Forward 
   Center                   Left Wing                Right Wing               Time % Phy DF OF 
 1 John Quenneville         Oskar Lindblom           Corey Tropp              60     1   2  2  
 2 Kevin Roy                Anton Blidh              Austen Brassard          40     1   2  2  

PowerPlay Defense
   Defense                  Defense                                           Time % Phy DF OF 
 1 Noah Juulsen             Artem Zub                                         60     1   2  2  
 2 Ben Betker               Fredrik Claesson                                  40     1   2  2  

Penalty Kill 4 Players Forward 
   Center                   Wing                     Time % Phy DF OF 
 1 Corey Tropp              John Quenneville         60     1   2  2  
 2 Oskar Lindblom           Kevin Roy                40     1   2  2  

Penalty Kill 4 Players Defense
   Defense                  Defense                  Time % Phy DF OF 
 1 Noah Juulsen             Artem Zub                60     1   2  2  
 2 Ben Betker               Fredrik Claesson         40     1   2  2  

Penalty Kill - 3 Players Forward 
   Forward                                           Time % Phy DF OF 
 1 Corey Tropp                                       60     1   2  2  
 2 John Quenneville                                  40     1   2  2  

Penalty Kill - 3 Players Defense
   Defense                  Defense                  Time % Phy DF OF 
 1 Noah Juulsen             Artem Zub                60     1   2  2  
 2 Ben Betker               Fredrik Claesson         40     1   2  2  

4 vs 4 Forward 
   Center                   Wing                     Time % Phy DF OF 
 1 Corey Tropp              John Quenneville         60     1   2  2  
 2 Oskar Lindblom           Kevin Roy                40     1   2  2  

4 vs 4 Defense
   Defense                  Defense                  Time % Phy DF OF 
 1 Noah Juulsen             Artem Zub                60     1   2  2  
 2 Ben Betker               Fredrik Claesson         40     1   2  2  

Last Minutes Offensive
   Center                   Left Wing                Right Wing               Defense                  Defense                  
   John Quenneville         Oskar Lindblom           Corey Tropp              Noah Juulsen             Artem Zub                

Last Minutes Defensive
   Center                   Left Wing                Right Wing               Defense                  Defense                  
   John Quenneville         Oskar Lindblom           Corey Tropp              Noah Juulsen             Artem Zub                

Goaltenders
Starting : Cal Petersen             
Backup : Antoine Bibeau           

Extra Forwards
Normal : Jesse Ylonen, Ben Meyers, Marcus Karlberg - PP : Jesse Ylonen, Ben Meyers - PK : Marcus Karlberg
Extra Defensemen
Normal : Niko Mikkola, Connor Clifton, Nicolas Beaudin - PP : Niko Mikkola - PK : Connor Clifton, Nicolas Beaudin
Penalty Shots
Corey Tropp, John Quenneville, Oskar Lindblom, Kevin Roy, Anton Blidh
Custom OT Lines Forwards
Corey Tropp, John Quenneville, Oskar Lindblom, Kevin Roy, Anton Blidh, Phillip Danault, Austen Brassard, Daniel Audette, Kole Lind, Tanner Jeannot
Custom OT Lines Defensemen
Noah Juulsen, Artem Zub, Ben Betker, Fredrik Claesson, Niko Mikkola

Scratches
Jack LaFontaine (Healthy)

% Time on Ice - Thunderbirds

Lines # - Real PCT - Wanted PCT - Time Play
Normal Forward
1 - 36% - 40% - 18:03
2 - 24% - 30% - 12:16
3 - 23% - 20% - 11:33
4 - 16% - 10% - 8:13
Normal Defense
1 - 39% - 40% - 19:23
2 - 36% - 30% - 17:53
3 - 23% - 20% - 11:29
4 - 3% - 10% - 1:20
PP Forward
1 - 54% - 60% - 3:13
2 - 46% - 40% - 2:44
PP Defense
1 - 48% - 60% - 2:53
2 - 52% - 40% - 3:04
PK Forward
1 - 65% - 60% - 2:34
2 - 35% - 40% - 1:24
PK Defense
1 - 60% - 60% - 2:23
2 - 40% - 40% - 1:35
PK3 Forward
1 - 0% - 60%
2 - 0% - 40%
PK3 Defense
1 - 0% - 60%
2 - 0% - 40%
44 Forward
1 - 0% - 60%
2 - 0% - 40%
44 Defense
1 - 0% - 60%
2 - 0% - 40%
Last Minute Offensive  - 0:00
Last Minute Defensive  - 0:00
Total
Forward - 60:00
Defense - 60:00

% Time on Ice - Punishers

Lines # - Real PCT - Wanted PCT - Time Play
Normal Forward
1 - 33% - 40% - 16:24
2 - 27% - 30% - 13:29
3 - 21% - 20% - 10:25
4 - 20% - 10% - 9:47
Normal Defense
1 - 38% - 40% - 18:56
2 - 26% - 30% - 13:09
3 - 23% - 20% - 11:30
4 - 13% - 10% - 6:30
PP Forward
1 - 51% - 60% - 2:01
2 - 49% - 40% - 1:57
PP Defense
1 - 59% - 60% - 2:21
2 - 41% - 40% - 1:37
PK Forward
1 - 88% - 60% - 5:14
2 - 12% - 40% - 0:43
PK Defense
1 - 55% - 60% - 3:15
2 - 45% - 40% - 2:42
PK3 Forward
1 - 0% - 60%
2 - 0% - 40%
PK3 Defense
1 - 0% - 60%
2 - 0% - 40%
44 Forward
1 - 0% - 60%
2 - 0% - 40%
44 Defense
1 - 0% - 60%
2 - 0% - 40%
Last Minute Offensive  - 0:00
Last Minute Defensive  - 0:00
Total
Forward - 60:00
Defense - 60:00

Play-by-Play

1st period


0:01 of 1st period - John Quenneville wins face-off versus Dominik Kahun in neutral zone.
0:31 of 1st period - Off-side.
0:32 of 1st period - Dylan Gambrell wins face-off versus Daniel Audette in neutral zone.
0:37 of 1st period - Backhand shot by Dylan Gambrell.
0:37 of 1st period - Shot Blocked by Fredrik Claesson.
0:53 of 1st period - Minor Penalty to Andrei Svechnikov for Roughing.
0:54 of 1st period - Tyson Jost wins face-off versus Corey Tropp in Thunderbirds zone.
0:54 of 1st period - Tyson Jost is hit by Oskar Lindblom.
1:08 of 1st period - Wrist shot by John Quenneville.
1:08 of 1st period - Shot Misses the Net.
1:10 of 1st period - Slapshot by Artem Zub.
1:10 of 1st period - Shot Blocked by Tyson Jost.
1:20 of 1st period - Artem Zub is hit by Radim Simek and loses puck.
2:41 of 1st period - Ben Betker is hit by Roberts Lipsbergs and loses puck.
2:53 of 1st period - Penalty to Andrei Svechnikov is over, Andrei Svechnikov is back on ice.
3:09 of 1st period - Snap shot by Phillip Danault.
3:09 of 1st period - Stopped by Brandon Halverson without a rebound.
3:10 of 1st period - Morgan Frost wins face-off versus John Hayden in Thunderbirds zone.
3:10 of 1st period - Morgan Frost is hit by Tanner Jeannot.
3:36 of 1st period - Niko Mikkola is hit by Dominik Kahun and loses puck.
3:42 of 1st period - Off-side.
3:43 of 1st period - John Quenneville wins face-off versus Tyson Jost in neutral zone.
3:46 of 1st period - Tyson Jost is hit by Noah Juulsen and loses puck.
3:57 of 1st period - Slapshot by Tanner Laczynski.
3:57 of 1st period - Stopped by Cal Petersen with a rebound.
3:59 of 1st period - Slapshot by Kale Clague.
3:59 of 1st period - Shot Misses the Net.
4:14 of 1st period - Kevin Roy is hit by Anthony Beauvillier and loses puck.
4:53 of 1st period - Snap shot by Kole Lind.
4:53 of 1st period - Shot Misses the Net.
6:04 of 1st period - Wrist shot by Andrei Svechnikov.
6:04 of 1st period - Stopped by Cal Petersen without a rebound.
6:05 of 1st period - Patrick Brown wins face-off versus Daniel Audette in Punishers zone.
6:06 of 1st period - Wrist shot by Dylan Gambrell.
6:06 of 1st period - Shot Misses the Net.
6:08 of 1st period - Snap shot by Andrei Svechnikov.
6:08 of 1st period - Deflect By Artem Zub.
6:08 of 1st period - Stopped by Cal Petersen without a rebound.
6:09 of 1st period - Kevin Roy wins face-off versus Dominik Kahun in Punishers zone.
6:22 of 1st period - Wrist shot by Drake Batherson.
6:22 of 1st period - Goal by Drake Batherson - Thunderbirds : 1 - Punishers : 0.
6:23 of 1st period - Dominik Kahun wins face-off versus John Quenneville in neutral zone.
6:36 of 1st period - Snap shot by John Quenneville.
6:36 of 1st period - Stopped by Brandon Halverson with a rebound.
6:52 of 1st period - Slapshot by Tyson Jost.
6:52 of 1st period - Deflect By Tanner Laczynski.
6:52 of 1st period - Stopped by Cal Petersen without a rebound.
6:53 of 1st period - Kevin Roy wins face-off versus Tyson Jost in Punishers zone.
6:53 of 1st period - Kevin Roy is hit by Matt Puempel.
7:32 of 1st period - Wrist shot by Tyson Jost.
7:32 of 1st period - Deflect By Tanner Laczynski.
7:32 of 1st period - Stopped by Cal Petersen without a rebound.
7:33 of 1st period - Corey Tropp wins face-off versus Drake Batherson in Punishers zone.
7:44 of 1st period - Slapshot by Anthony Beauvillier.
7:44 of 1st period - Shot Blocked by Noah Juulsen.
7:52 of 1st period - Kale Clague is hit by Noah Juulsen and loses puck.
8:53 of 1st period - Slapshot by Tanner Laczynski.
8:53 of 1st period - Shot Misses the Net.
9:23 of 1st period - Snap shot by Kole Lind.
9:23 of 1st period - Stopped by Brandon Halverson with a rebound.
9:25 of 1st period - Wrist shot by Phillip Danault.
9:25 of 1st period - Deflect By Daniel Audette.
9:25 of 1st period - Shot Misses the Net.
9:25 of 1st period - Puck is out of play.
9:26 of 1st period - Daniel Audette wins face-off versus Dylan Gambrell in Thunderbirds zone.
9:33 of 1st period - Wrist shot by Daniel Audette.
9:33 of 1st period - Shot Misses the Net.
9:58 of 1st period - Oskar Lindblom is hit by Dominik Kahun and loses puck.
10:15 of 1st period - Snap shot by Austen Brassard.
10:15 of 1st period - Shot Misses the Net.
10:17 of 1st period - Slapshot by Fredrik Claesson.
10:17 of 1st period - Deflect By Timothy Liljegren.
10:17 of 1st period - Stopped by Brandon Halverson with a rebound.
10:19 of 1st period - Slapshot by Ben Betker.
10:19 of 1st period - Goal by Ben Betker - Thunderbirds : 1 - Punishers : 1.
10:20 of 1st period - Dominik Kahun wins face-off versus Corey Tropp in neutral zone.
10:23 of 1st period - John Quenneville is hit by Anthony Beauvillier and loses puck.
10:46 of 1st period - Austen Brassard is hit by Patrick Brown and loses puck.
13:00 of 1st period - Nicolas Beaudin is hit by Tanner Laczynski and loses puck.
13:51 of 1st period - Wrist shot by Austen Brassard.
13:51 of 1st period - Deflect By Anton Blidh.
13:51 of 1st period - Stopped by Brandon Halverson with a rebound.
13:53 of 1st period - Wrist shot by Anton Blidh.
13:53 of 1st period - Stopped by Brandon Halverson with a rebound.
13:55 of 1st period - Snap shot by Anton Blidh.
13:55 of 1st period - Shot Misses the Net.
14:34 of 1st period - Slapshot by Roberts Lipsbergs.
14:34 of 1st period - Stopped by Cal Petersen without a rebound.
14:35 of 1st period - Dylan Gambrell wins face-off versus John Quenneville in Punishers zone.
14:49 of 1st period - Minor Penalty to John Quenneville for Tripping.
14:50 of 1st period - Dominik Kahun wins face-off versus Corey Tropp in Punishers zone.
15:34 of 1st period - Wrist shot by Daniel Audette.
15:34 of 1st period - Stopped by Brandon Halverson with a rebound.
15:54 of 1st period - Anton Blidh is hit by Drake Batherson.
16:49 of 1st period - Penalty to John Quenneville is over, John Quenneville is back on ice.
17:02 of 1st period - Wrist shot by Corey Tropp.
17:02 of 1st period - Deflect By John Quenneville.
17:02 of 1st period - Stopped by Brandon Halverson with a rebound.
17:20 of 1st period - Slapshot by Artem Zub.
17:20 of 1st period - Shot Blocked by John Draeger.
18:00 of 1st period - Off-side.
18:01 of 1st period - Morgan Frost wins face-off versus John Quenneville in neutral zone.
18:04 of 1st period - Oskar Lindblom is hit by Viktor Baldayev and loses puck.
18:15 of 1st period - Ben Betker is hit by Roberts Lipsbergs and loses puck.
19:25 of 1st period - Niko Mikkola is hit by Timothy Liljegren and loses puck.
19:36 of 1st period - Tanner Jeannot is hit by Anthony Beauvillier and loses puck.
Goals for this period are 1 for Thunderbirds vs 1 for Punishers.
Shots for this period are 7 for Thunderbirds vs 9 for Punishers.

2nd period


0:01 of 2nd period - John Quenneville wins face-off versus Dominik Kahun in neutral zone.
0:32 of 2nd period - Icing by Anton Blidh.
0:33 of 2nd period - Kevin Roy wins face-off versus Dylan Gambrell in Punishers zone.
0:40 of 2nd period - Wrist shot by Anton Blidh.
0:40 of 2nd period - Stopped by Brandon Halverson with a rebound.
1:00 of 2nd period - Snap shot by Kevin Roy.
1:00 of 2nd period - Stopped by Brandon Halverson with a rebound.
1:19 of 2nd period - Icing by Radim Simek.
1:20 of 2nd period - Tyson Jost wins face-off versus Daniel Audette in Thunderbirds zone.
1:47 of 2nd period - Drake Batherson is hit by Corey Tropp and loses puck.
2:30 of 2nd period - Slapshot by Tyson Jost.
2:30 of 2nd period - Shot Blocked by Fredrik Claesson.
3:04 of 2nd period - Off-side.
3:05 of 2nd period - John Quenneville wins face-off versus Anthony Beauvillier in neutral zone.
3:08 of 2nd period - Slapshot by Artem Zub.
3:08 of 2nd period - Shot Blocked by Radim Simek.
3:10 of 2nd period - Snap shot by Oskar Lindblom.
3:10 of 2nd period - Goal by Oskar Lindblom - Thunderbirds : 1 - Punishers : 2.
3:11 of 2nd period - Dominik Kahun wins face-off versus John Quenneville in neutral zone.
3:16 of 2nd period - Wrist shot by Drake Batherson.
3:16 of 2nd period - Stopped by Cal Petersen with a rebound.
3:38 of 2nd period - Austen Brassard is hit by Radim Simek and loses puck.
3:43 of 2nd period - Snap shot by Andrei Svechnikov.
3:43 of 2nd period - Deflect By Patrick Brown.
3:43 of 2nd period - Shot Misses the Net.
3:43 of 2nd period - Puck is out of play.
3:44 of 2nd period - Kevin Roy wins face-off versus Dylan Gambrell in Punishers zone.
4:09 of 2nd period - Kale Clague is hit by Corey Tropp and loses puck.
5:02 of 2nd period - Slapshot by John Hayden.
5:02 of 2nd period - Stopped by Brandon Halverson without a rebound.
5:03 of 2nd period - John Quenneville wins face-off versus Dominik Kahun in Thunderbirds zone.
5:16 of 2nd period - Snap shot by Drake Batherson.
5:16 of 2nd period - Shot Misses the Net.
5:18 of 2nd period - Snap shot by Drake Batherson.
5:18 of 2nd period - Shot Blocked by Corey Tropp.
5:20 of 2nd period - Snap shot by Anthony Beauvillier.
5:20 of 2nd period - Deflect By John Quenneville.
5:20 of 2nd period - Shot Misses the Net.
5:20 of 2nd period - Puck is out of play.
5:21 of 2nd period - Dylan Gambrell wins face-off versus Kevin Roy in Punishers zone.
5:22 of 2nd period - Wrist shot by Patrick Brown.
5:22 of 2nd period - Goal by Patrick Brown - Thunderbirds : 2 - Punishers : 2.
5:23 of 2nd period - Anthony Beauvillier wins face-off versus John Quenneville in neutral zone.
5:26 of 2nd period - Wrist shot by Timothy Liljegren.
5:26 of 2nd period - Shot Misses the Net.
5:41 of 2nd period - Icing by Artem Zub.
5:42 of 2nd period - John Quenneville wins face-off versus Dylan Gambrell in Punishers zone.
5:58 of 2nd period - Wrist shot by John Quenneville.
5:58 of 2nd period - Stopped by Brandon Halverson with a rebound.
6:00 of 2nd period - Wrist shot by Corey Tropp.
6:00 of 2nd period - Stopped by Brandon Halverson with a rebound.
6:02 of 2nd period - Slapshot by Noah Juulsen.
6:02 of 2nd period - Stopped by Brandon Halverson with a rebound.
6:04 of 2nd period - Wrist shot by Oskar Lindblom.
6:04 of 2nd period - Stopped by Brandon Halverson with a rebound.
6:06 of 2nd period - Snap shot by John Quenneville.
6:06 of 2nd period - Deflect By Corey Tropp.
6:06 of 2nd period - Stopped by Brandon Halverson with a rebound.
6:08 of 2nd period - Slapshot by Artem Zub.
6:08 of 2nd period - Shot Misses the Net.
6:10 of 2nd period - Slapshot by Artem Zub.
6:10 of 2nd period - Stopped by Brandon Halverson with a rebound.
6:12 of 2nd period - Wrist shot by Corey Tropp.
6:12 of 2nd period - Stopped by Brandon Halverson with a rebound.
6:14 of 2nd period - Slapshot by Artem Zub.
6:14 of 2nd period - Shot Misses the Net.
6:16 of 2nd period - Slapshot by Artem Zub.
6:16 of 2nd period - Deflect By Patrick Brown.
6:16 of 2nd period - Stopped by Brandon Halverson without a rebound.
6:17 of 2nd period - Dominik Kahun wins face-off versus Kevin Roy in Thunderbirds zone.
6:32 of 2nd period - Snap shot by Kevin Roy.
6:32 of 2nd period - Stopped by Brandon Halverson with a rebound.
7:11 of 2nd period - Snap shot by Roberts Lipsbergs.
7:11 of 2nd period - Stopped by Cal Petersen with a rebound.
7:13 of 2nd period - Snap shot by Roberts Lipsbergs.
7:13 of 2nd period - Stopped by Cal Petersen without a rebound.
7:14 of 2nd period - Dominik Kahun wins face-off versus John Quenneville in Punishers zone.
7:23 of 2nd period - Slapshot by Dominik Kahun.
7:23 of 2nd period - Stopped by Cal Petersen without a rebound.
7:24 of 2nd period - Dominik Kahun wins face-off versus John Quenneville in Punishers zone.
7:31 of 2nd period - Snap shot by Anthony Beauvillier.
7:31 of 2nd period - Goal by Anthony Beauvillier - Thunderbirds : 3 - Punishers : 2.
7:32 of 2nd period - Dominik Kahun wins face-off versus Kevin Roy in neutral zone.
7:47 of 2nd period - Wrist shot by Drake Batherson.
7:47 of 2nd period - Goal by Drake Batherson - Thunderbirds : 4 - Punishers : 2.
7:47 of 2nd period - Antoine Bibeau enters game.
7:48 of 2nd period - Corey Tropp wins face-off versus Dylan Gambrell in neutral zone.
8:39 of 2nd period - Kole Lind is hit by Matt Puempel and loses puck.
8:44 of 2nd period - Snap shot by Tanner Laczynski.
8:44 of 2nd period - Deflect By Tyson Jost.
8:44 of 2nd period - Stopped by Antoine Bibeau with a rebound.
9:36 of 2nd period - Off-side.
9:37 of 2nd period - Anton Blidh wins face-off versus Dominik Kahun in neutral zone.
9:47 of 2nd period - Wrist shot by Austen Brassard.
9:47 of 2nd period - Stopped by Brandon Halverson with a rebound.
10:15 of 2nd period - Snap shot by Kevin Roy.
10:15 of 2nd period - Stopped by Brandon Halverson with a rebound.
10:31 of 2nd period - Wrist shot by Kevin Roy.
10:31 of 2nd period - Stopped by Brandon Halverson with a rebound.
10:33 of 2nd period - Snap shot by Austen Brassard.
10:33 of 2nd period - Shot Misses the Net.
10:35 of 2nd period - Slapshot by Anton Blidh.
10:35 of 2nd period - Shot Misses the Net.
10:55 of 2nd period - Snap shot by Anton Blidh.
10:55 of 2nd period - Stopped by Brandon Halverson with a rebound.
11:31 of 2nd period - Snap shot by Kevin Roy.
11:31 of 2nd period - Shot Misses the Net.
11:33 of 2nd period - Wrist shot by Kevin Roy.
11:33 of 2nd period - Shot Misses the Net.
11:35 of 2nd period - Snap shot by Kevin Roy.
11:35 of 2nd period - Stopped by Brandon Halverson without a rebound.
11:36 of 2nd period - John Quenneville wins face-off versus Dylan Gambrell in Thunderbirds zone.
12:01 of 2nd period - Artem Zub is hit by Tyson Jost.
12:05 of 2nd period - Snap shot by Daniel Audette.
12:05 of 2nd period - Shot Blocked by Tyson Jost.
13:45 of 2nd period - Slapshot by Roberts Lipsbergs.
13:45 of 2nd period - Deflect By Kirill Marchenko.
13:45 of 2nd period - Shot Misses the Net.
13:45 of 2nd period - Puck is out of play.
13:46 of 2nd period - Dylan Gambrell wins face-off versus Corey Tropp in Punishers zone.
13:58 of 2nd period - Icing by Dylan Gambrell.
13:59 of 2nd period - Dylan Gambrell wins face-off versus John Quenneville in Thunderbirds zone.
14:09 of 2nd period - Icing by Timothy Liljegren.
14:10 of 2nd period - Dylan Gambrell wins face-off versus John Quenneville in Thunderbirds zone.
14:29 of 2nd period - Snap shot by Andrei Svechnikov.
14:29 of 2nd period - Shot Misses the Net.
14:31 of 2nd period - Snap shot by Dylan Gambrell.
14:31 of 2nd period - Stopped by Antoine Bibeau without a rebound.
14:32 of 2nd period - Dominik Kahun wins face-off versus Kevin Roy in Punishers zone.
14:47 of 2nd period - Backhand shot by Drake Batherson.
14:47 of 2nd period - Shot Misses the Net.
15:01 of 2nd period - Dominik Kahun is hit by Daniel Audette.
15:13 of 2nd period - Wrist shot by Drake Batherson.
15:13 of 2nd period - Stopped by Antoine Bibeau with a rebound.
15:22 of 2nd period - Icing by Corey Tropp.
15:23 of 2nd period - Dylan Gambrell wins face-off versus John Quenneville in Punishers zone.
15:48 of 2nd period - Anton Blidh is hit by Matt Puempel and loses puck.
16:16 of 2nd period - Morgan Frost is hit by John Hayden and loses puck.
16:31 of 2nd period - Kole Lind is hit by Jake Walman and loses puck.
16:38 of 2nd period - Snap shot by Andrei Svechnikov.
16:38 of 2nd period - Stopped by Antoine Bibeau with a rebound.
16:46 of 2nd period - Minor Penalty to Patrick Brown for Cross-checking.
16:47 of 2nd period - John Quenneville wins face-off versus Tyson Jost in Thunderbirds zone.
16:48 of 2nd period - Snap shot by Corey Tropp.
16:48 of 2nd period - Stopped by Brandon Halverson without a rebound.
16:49 of 2nd period - Tyson Jost wins face-off versus John Quenneville in Thunderbirds zone.
18:46 of 2nd period - Penalty to Patrick Brown is over, Patrick Brown is back on ice.
18:56 of 2nd period - Roberts Lipsbergs is hit by Kole Lind.
19:11 of 2nd period - Nicolas Beaudin is hit by Dylan Gambrell and loses puck.
19:34 of 2nd period - Andrei Svechnikov is hit by Daniel Audette and loses puck.
Goals for this period are 3 for Thunderbirds vs 1 for Punishers.
Shots for this period are 11 for Thunderbirds vs 19 for Punishers.

3rd period


0:01 of 3rd period - Dominik Kahun wins face-off versus John Quenneville in neutral zone.
0:10 of 3rd period - Wrist shot by John Quenneville.
0:10 of 3rd period - Shot Misses the Net.
1:06 of 3rd period - Slapshot by Morgan Frost.
1:06 of 3rd period - Stopped by Antoine Bibeau with a rebound.
1:08 of 3rd period - Snap shot by Morgan Frost.
1:08 of 3rd period - Shot Misses the Net.
1:10 of 3rd period - Snap shot by Kirill Marchenko.
1:10 of 3rd period - Stopped by Antoine Bibeau without a rebound.
1:11 of 3rd period - Dominik Kahun wins face-off versus John Hayden in Punishers zone.
1:30 of 3rd period - Slapshot by Tanner Jeannot.
1:30 of 3rd period - Stopped by Brandon Halverson with a rebound.
1:32 of 3rd period - Snap shot by Noah Juulsen.
1:32 of 3rd period - Shot Blocked by Dominik Kahun.
1:34 of 3rd period - Snap shot by John Hayden.
1:34 of 3rd period - Shot Misses the Net.
2:05 of 3rd period - Snap shot by Drake Batherson.
2:05 of 3rd period - Stopped by Antoine Bibeau without a rebound.
2:06 of 3rd period - Dylan Gambrell wins face-off versus John Quenneville in Punishers zone.
2:15 of 3rd period - Wrist shot by Andrei Svechnikov.
2:15 of 3rd period - Stopped by Antoine Bibeau without a rebound.
2:16 of 3rd period - John Quenneville wins face-off versus Dylan Gambrell in Punishers zone.
2:23 of 3rd period - Wrist shot by John Quenneville.
2:23 of 3rd period - Shot Misses the Net.
2:52 of 3rd period - Minor Penalty to John Quenneville for Goalie Interference.
2:53 of 3rd period - Dominik Kahun wins face-off versus Corey Tropp in Punishers zone.
3:05 of 3rd period - Snap shot by Andrei Svechnikov.
3:05 of 3rd period - Stopped by Antoine Bibeau without a rebound.
3:06 of 3rd period - Corey Tropp wins face-off versus Dylan Gambrell in Punishers zone.
3:11 of 3rd period - Slapshot by Noah Juulsen.
3:11 of 3rd period - Shot Blocked by Timothy Liljegren.
4:52 of 3rd period - Penalty to John Quenneville is over, John Quenneville is back on ice.
5:28 of 3rd period - Snap shot by Morgan Frost.
5:28 of 3rd period - Shot Blocked by Jack Ahcan.
5:32 of 3rd period - Backhand shot by Morgan Frost.
5:32 of 3rd period - Stopped by Antoine Bibeau with a rebound.
6:43 of 3rd period - Artem Zub is hit by Patrick Brown and loses puck.
7:22 of 3rd period - Snap shot by John Hayden.
7:22 of 3rd period - Stopped by Brandon Halverson with a rebound.
7:50 of 3rd period - Icing by Tyson Jost.
7:51 of 3rd period - Kevin Roy wins face-off versus Tyson Jost in Thunderbirds zone.
8:12 of 3rd period - Wrist shot by John Hayden.
8:12 of 3rd period - Shot Blocked by Drake Batherson.
8:14 of 3rd period - Slapshot by John Hayden.
8:14 of 3rd period - Shot Misses the Net.
8:16 of 3rd period - Slapshot by Niko Mikkola.
8:16 of 3rd period - Deflect By Carson Meyer.
8:16 of 3rd period - Shot Blocked by Viktor Baldayev.
8:16 of 3rd period - Puck is out of play.
8:17 of 3rd period - Dylan Gambrell wins face-off versus John Quenneville in Thunderbirds zone.
8:22 of 3rd period - Slapshot by Andrei Svechnikov.
8:22 of 3rd period - Shot Misses the Net.
8:26 of 3rd period - Wrist shot by Andrei Svechnikov.
8:26 of 3rd period - Goal by Andrei Svechnikov - Thunderbirds : 5 - Punishers : 2.
8:27 of 3rd period - Dominik Kahun wins face-off versus John Quenneville in neutral zone.
8:40 of 3rd period - Wrist shot by Dominik Kahun.
8:40 of 3rd period - Shot Blocked by Artem Zub.
8:42 of 3rd period - Snap shot by Anthony Beauvillier.
8:42 of 3rd period - Goal by Anthony Beauvillier - Thunderbirds : 6 - Punishers : 2.
8:43 of 3rd period - John Quenneville wins face-off versus Drake Batherson in neutral zone.
8:48 of 3rd period - Drake Batherson is hit by John Quenneville and loses puck.
9:38 of 3rd period - Slapshot by Tyson Jost.
9:38 of 3rd period - Shot Misses the Net.
10:20 of 3rd period - Snap shot by Tanner Jeannot.
10:20 of 3rd period - Shot Misses the Net.
10:58 of 3rd period - Wrist shot by Drake Batherson.
10:58 of 3rd period - Shot Misses the Net.
11:00 of 3rd period - Slapshot by Dominik Kahun.
11:00 of 3rd period - Stopped by Antoine Bibeau with a rebound.
11:02 of 3rd period - Wrist shot by Dominik Kahun.
11:02 of 3rd period - Shot Blocked by Connor Clifton.
11:04 of 3rd period - Slapshot by Dominik Kahun.
11:04 of 3rd period - Stopped by Antoine Bibeau without a rebound.
11:05 of 3rd period - John Quenneville wins face-off versus Dylan Gambrell in Punishers zone.
11:05 of 3rd period - John Quenneville is hit by Dylan Gambrell.
11:08 of 3rd period - Minor Penalty to Oskar Lindblom for Hooking.
11:09 of 3rd period - Dylan Gambrell wins face-off versus Corey Tropp in Punishers zone.
13:08 of 3rd period - Penalty to Oskar Lindblom is over, Oskar Lindblom is back on ice.
13:14 of 3rd period - Corey Tropp is hit by Tanner Laczynski.
13:51 of 3rd period - Slapshot by Anton Blidh.
13:51 of 3rd period - Shot Misses the Net.
15:13 of 3rd period - Noah Juulsen is hit by John Draeger and loses puck.
15:35 of 3rd period - Corey Tropp is hit by Viktor Baldayev and loses puck.
16:24 of 3rd period - Snap shot by Matt Puempel.
16:24 of 3rd period - Stopped by Antoine Bibeau with a rebound.
16:26 of 3rd period - Slapshot by Viktor Baldayev.
16:26 of 3rd period - Stopped by Antoine Bibeau with a rebound.
16:28 of 3rd period - Snap shot by Viktor Baldayev.
16:28 of 3rd period - Shot Blocked by Artem Zub.
16:30 of 3rd period - Wrist shot by Matt Puempel.
16:30 of 3rd period - Shot Misses the Net.
16:32 of 3rd period - Wrist shot by Matt Puempel.
16:32 of 3rd period - Shot Misses the Net.
16:34 of 3rd period - Slapshot by Jake Walman.
16:34 of 3rd period - Stopped by Antoine Bibeau with a rebound.
17:00 of 3rd period - Snap shot by Matt Puempel.
17:00 of 3rd period - Goal by Matt Puempel - Thunderbirds : 7 - Punishers : 2.
17:01 of 3rd period - John Quenneville wins face-off versus Dominik Kahun in neutral zone.
17:07 of 3rd period - Icing by Timothy Liljegren.
17:08 of 3rd period - Drake Batherson wins face-off versus John Quenneville in Thunderbirds zone.
17:08 of 3rd period - Drake Batherson is hit by Corey Tropp.
17:13 of 3rd period - Icing by Anthony Beauvillier.
17:14 of 3rd period - Dominik Kahun wins face-off versus John Quenneville in Thunderbirds zone.
18:05 of 3rd period - Snap shot by Anthony Beauvillier.
18:05 of 3rd period - Stopped by Antoine Bibeau without a rebound.
18:06 of 3rd period - Kevin Roy wins face-off versus Dylan Gambrell in Punishers zone.
18:33 of 3rd period - Phillip Danault is hit by Kale Clague and loses puck.
18:40 of 3rd period - Snap shot by Tyson Jost.
18:40 of 3rd period - Shot Blocked by Phillip Danault.
18:42 of 3rd period - Snap shot by Matt Puempel.
18:42 of 3rd period - Stopped by Antoine Bibeau with a rebound.
19:15 of 3rd period - Dylan Gambrell is hit by Kevin Roy and loses puck.
Goals for this period are 3 for Thunderbirds vs 0 for Punishers.
Shots for this period are 16 for Thunderbirds vs 2 for Punishers.